AoeStats
← eric_the_red121

Fortress

509817048Analyzed
4v4 RM · 5d ago on Sep 28, 2026· 47m 47s· 8 players
Game mode
Random Map
Map size
Huge
Population
200
Speed
Normal
Resources
Standard
Victory
Conquest
Starting age
Dark Age
Ending age
Imperial Age
RankedLock teamsTeams togetherTeam positionsShared explorationLock speedFull tech treeHidden civsTurbo modeCheats
Victory
Defeat
🇺🇸 Bohemians · United States
914
+18
🇺🇸 Franks · United States
900
+18
🇩🇪 Cumans · Germany
898
+18
🇺🇸 Burgundians · United States
856
+21
🇨🇦 Spanish · Canada
979
-20
🇹🇼 Wei · Taiwan
950
-19
🇦🇺 Britons · Australia
923
-18
eric_the_red121
1:51 Loom
8:40 Feudal Age
9:30 Double-Bit Axe
9:28 Horse Collar
11:39 Wheelbarrow
16:18 Castle Age
14:54 Town Watch
15:45 Fletching
17:23 Hand Cart
18:07 Forging
18:25 Pikeman
19:05 Squires
21:08 Ballistics
21:17 Town Patrol
21:32 Masonry
27:56 Chemistry
30:52 Imperial Age
29:26 Iron Casting
31:56 Halberdier
33:30 Elite Hussite Wagon
39:16 Caravan
40:06 Wagenburg Tactics
40:31 Houfnice
fatfatfattie
6:51 Feudal Age
11:48 Castle Age
10:25 Double-Bit Axe
13:07 Bow Saw
19:54 Husbandry
20:21 Gold Mining
24:05 Imperial Age
21:51 Gold Mining
21:53 Stone Mining
22:23 Loom
22:24 Town Watch
23:29 Wheelbarrow
25:04 Gold Shaft Mining
24:09 Cavalier
25:00 Husbandry
25:48 Hand Cart
26:34 Scale Barding Armor
26:43 Forging
26:18 Pikeman
26:59 Squires
27:32 Conscription
27:46 Capped Ram
29:39 Chain Barding Armor
29:37 Paladin
31:03 Plate Barding Armor
31:09 Iron Casting
31:23 Halberdier
32:01 Arson
32:19 Scale Mail Armor
32:11 Fletching
36:06 Blast Furnace
35:02 Bodkin Arrow
35:25 Chain Mail Armor
36:49 Town Patrol
38:07 Chemistry
37:27 Ballistics
37:20 Fortified Wall
38:14 Heavy Scorpion
42:08 Plate Mail Armor
41:34 Bodkin Arrow
44:34 Padded Archer Armor
45:44 Caravan
XxMasterxX
0:41 Loom
3:24 Horse Collar
3:47 Double-Bit Axe
10:06 Feudal Age
8:51 Gold Mining
8:55 Stone Mining
10:58 Bow Saw
10:51 Heavy Plow
11:50 Stone Shaft Mining
16:43 Castle Age
14:44 Fletching
16:15 Padded Archer Armor
17:27 Gold Shaft Mining
18:32 Forging
18:28 Scale Barding Armor
18:24 Scale Mail Armor
19:24 Husbandry
21:59 Wheelbarrow
21:34 Town Watch
22:27 Caravan
27:45 Wheelbarrow
31:13 Imperial Age
30:50 Iron Casting
30:30 Leather Archer Armor
30:36 Chain Barding Armor
30:14 Bodkin Arrow
32:16 Conscription
32:14 Burgundian Vineyards
32:30 Murder Holes
34:13 Elite Coustillier
38:12 Blast Furnace
39:20 Chain Mail Armor
39:55 Plate Barding Armor
39:43 Bracer
43:29 Chemistry
43:05 Plate Mail Armor
Tobi
8:34 Feudal Age
9:33 Double-Bit Axe
11:00 Horse Collar
16:52 Castle Age
14:41 Loom
16:30 Wheelbarrow
16:08 Gold Mining
16:49 Fletching
18:16 Heavy Plow
18:30 Bow Saw
19:43 Padded Archer Armor
21:24 Gold Shaft Mining
20:36 Crossbowman
21:10 Capped Ram
22:57 Thumb Ring
22:46 Elite Skirmisher
23:17 Pikeman
23:57 Squires
24:23 Hand Cart
34:15 Imperial Age
31:33 Town Watch
34:06 Bodkin Arrow
34:26 Leather Archer Armor
35:56 Scale Mail Armor
37:35 Two-Man Saw
38:34 Ballistics
39:15 Chemistry
39:39 Ring Archer Armor
38:33 Halberdier
39:31 Chain Mail Armor
40:27 Conscription
40:24 Siege Ram
44:32 Town Patrol
aanndrrees
6:56 Feudal Age
6:30 Loom
12:05 Castle Age
11:44 Wheelbarrow
11:19 Double-Bit Axe
15:33 Horse Collar
17:02 Heavy Plow
20:21 Hand Cart
19:52 Town Watch
22:26 Bow Saw
25:16 Imperial Age
26:10 Gold Mining
26:11 Stone Mining
27:12 Fervor
27:04 Atonement
27:23 Caravan
34:58 Scale Barding Armor
34:54 Padded Archer Armor
35:25 Bloodlines
35:15 Husbandry
36:57 Leather Archer Armor
37:02 Chain Barding Armor
37:41 Onager
38:39 Elite Skirmisher
39:25 Thumb Ring
40:23 Ring Archer Armor
40:28 Plate Barding Armor
43:15 Chemistry
42:01 Arrowslits
42:37 Ballistics
42:28 Masonry
42:08 Elite Conquistador
47:42 Bombard Tower
hamelnkai
0:39 Loom
9:02 Feudal Age
11:20 Town Watch
11:17 Horse Collar
13:03 Double-Bit Axe
16:01 Castle Age
16:06 Stone Mining
16:07 Gold Mining
16:42 Heavy Plow
17:51 Bow Saw
26:20 Wheelbarrow
26:27 Gold Shaft Mining
29:52 Imperial Age
27:32 Scale Barding Armor
28:17 Stone Shaft Mining
28:15 Tuntian
28:27 Forging
28:34 Bloodlines
28:40 Husbandry
28:02 Light Cavalry
30:23 Chain Barding Armor
30:39 Iron Casting
30:20 Treadmill Crane
30:51 Fortified Wall
31:16 Ming Guang Armor
30:28 Heavy Hei Guang Cavalry
31:51 Hand Cart
32:11 Conscription
34:03 Blast Furnace
34:56 Hoardings
34:52 Pikeman
35:33 Squires
35:18 Arson
35:42 Fletching
35:52 Scale Mail Armor
36:17 Town Patrol
36:24 Bodkin Arrow
37:37 Ballistics
38:18 Chemistry
37:13 Murder Holes
38:24 Halberdier
39:21 Chain Mail Armor
39:07 Bracer
39:59 Crop Rotation
40:42 Hussar
44:37 Caravan
45:29 Caravan
关于我重生是小弯弯这件事
8:37 Feudal Age
10:21 Double-Bit Axe
10:33 Loom
12:50 Castle Age
16:22 Bow Saw
22:07 Horse Collar
23:04 Wheelbarrow
27:47 Imperial Age
26:20 Forging
26:16 Scale Barding Armor
26:56 Heavy Plow
27:15 Hand Cart
27:48 Husbandry
27:59 Bloodlines
28:05 Town Watch
28:54 Crop Rotation
29:26 Two-Man Saw
28:03 Cavalier
28:50 Heavy Camel Rider
30:31 Chain Barding Armor
31:18 Iron Casting
31:58 Plate Barding Armor
32:35 Savar
33:12 Gold Mining
35:23 Thumb Ring
34:41 Crossbowman
35:33 Kamandaran
36:55 Ballistics
37:36 Chemistry
36:42 Padded Archer Armor
36:32 Fletching
39:13 Chemistry
38:12 Bodkin Arrow
38:00 Light Cavalry
39:41 Hussar
44:10 Citadels
47:04 Blast Furnace
46:20 Leather Archer Armor
46:06 Scale Mail Armor
AussieHoon
3:43 Loom
9:01 Feudal Age
13:32 Castle Age
11:30 Double-Bit Axe
11:31 Horse Collar
14:55 Bow Saw
14:59 Gold Mining
19:29 Heavy Plow
20:58 Wheelbarrow
21:34 Treadmill Crane
22:30 Hand Cart
23:34 Fletching
24:09 Ballistics
24:51 Gold Shaft Mining
25:19 Stone Mining
28:33 Imperial Age
26:04 Bodkin Arrow
26:10 Padded Archer Armor
25:58 Pikeman
26:39 Squires
27:36 Yeomen
27:44 Leather Archer Armor
28:15 Arson
28:42 Murder Holes
28:51 Halberdier
29:49 Bracer
30:02 Masonry
30:46 Forging
31:08 Scale Mail Armor
32:51 Iron Casting
32:32 Chain Mail Armor
34:36 Blast Furnace
33:28 Elite Skirmisher
34:40 Elite Longbowman
43:04 Two-Man Saw
Connection lost

Rejoining the realm…

Still unreachable

The connection could not be restored.

Session expired

The server has moved on; the page needs a fresh start.